Map: Orbital Shipyard

Players

PerseVerAnce

  • Race: Terran Terran
  • League: Diamond

Heisenberg - Winner!

  • Race: Terran Terran

VOD

Have the link to the VOD?

Description

Time

  • Played on: Dec. 31, 2015, 12:13 a.m.
  • Length: 3:37
Show
View Real Time Build Order
Export as new Build Order

PerseVerAnce Terran 

Build Orders:  

Get SALT Encoding   

  12  0:00  SCV  
  13  0:12  SCV  
  14  0:18  Supply Depot  
  14  0:24  SCV  
  15  0:30  Refinery  
  15  0:42  Barracks  
  15  0:45  SCV  
  16  0:57  SCV  
  17  1:09  SCV  
  18  1:18  Refinery  
  18  1:21  SCV  
  19  1:29  Reaper  
  20  1:34  Supply Depot  
  20  1:36  Orbital Command  
  20  1:48  Factory  
  20  2:02  SCV  
  20  2:04  Reaper  
  22  2:14  SCV  
  23  2:26  SCV  
  24  2:33  Starport  
  24  2:35  Hellion  
  26  2:38  SCV  
  26  2:42  Barracks Tech Lab  
  27  2:50  SCV  
  21  3:07  Hellion  
Show
View Real Time Build Order
Export as new Build Order

Heisenberg Terran - Winner!

Build Orders:  

Get SALT Encoding   

  12  0:01  SCV  
  13  0:17  SCV  
  13  0:18  Supply Depot  
  14  0:29  SCV  
  15  0:45  Barracks  
  15  0:49  Refinery  
  15  1:06  Barracks  
  15  1:09  Barracks  
  15  1:19  Refinery  
  15  1:32  Supply Depot  
  15  1:35  Reaper  
  16  1:40  SCV  
  17  1:54  Reaper  
  17  1:58  Reaper  
  19  2:07  Reaper  
  20  2:11  SCV  
  21  2:24  SCV  
  21  2:26  Reaper  
  23  2:33  Reaper  
  24  2:42  Reaper  
  25  2:58  Reaper  
  25  3:05  Reaper  
Tags
 
Add a new tag
Caveats
  • Supply blocks, unpowered buildings, or Contaminate may cause inaccurate times.
  • Supply counts are checked every 10 seconds.